 Dungeon Crawl Stone Soup version 0.28-a0-21-gf74fda84f9 (webtiles) character file.

Game seed: 18291916408395373104

2115 sizableburger the Bolt Thrower (level 9, -2/70 HPs)
             Began as a Black Draconian Hunter on July 26, 2021.
             Was a Follower of Fedhas.
             Killed themself with a bounced orb of electricity (11 damage)
             ... on level 7 of the Dungeon.
             The game lasted 00:21:59 (7508 turns).

sizableburger the Bolt Thrower (DrHu)               Turns: 7508, Time: 00:21:59

Health: -2/70      AC: 10    Str: 15    XL:     9   Next: 8%
Magic:  24/24      EV: 12    Int: 18    God:    Fedhas [*.....]
Gold:   241        SH:  5    Dex: 14    Spells: 13/16 levels left

rFire   . . .      SeeInvis .   a - +2 hand crossbow (flame)
rCold   . . .      Faith    .   (no shield)
rNeg    . . .      Spirit   .   (armour unavailable)
rPois   .          Reflect  +   (helmet restricted)
rElec   +          Harm     .   q - +2 cloak
rCorr   .          Rampage  .   (no gloves)
Will    .....                   (no boots)
Stlth   ++........              g - amulet of reflection
HPRegen 0.21/turn               e - +6 ring of intelligence
MPRegen 0.19/turn               d - ring of magical power

@: studying Necromancy
A: breathe lightning, AC +7, unfitting armour, electricity resistance,
cold-blooded
a: Breathe Lightning, Renounce Religion


You were on level 7 of the Dungeon.
You worshipped Fedhas.
Fedhas was aware of your devotion.
You visited 2 branches of the dungeon, and saw 8 of its levels.

You collected 1489 gold pieces.
You spent 1248 gold pieces at shops.

Inventory:

Hand Weapons
 a - a +2 hand crossbow of flaming (weapon)
 v - a +0 scimitar
 x - a +0 whip
Missiles
 c - 4 bolts (quivered ammo)
 u - a throwing net
Armour
 q - a +2 cloak (worn)
Jewellery
 d - a ring of magical power (right hand)
 e - a +6 ring of intelligence (left hand)
 g - an amulet of reflection (around neck)
Scrolls
 i - 2 scrolls of fear
 o - a scroll of teleportation
 p - a scroll of amnesia
 t - a scroll of noise
Potions
 b - 2 potions of haste {unknown}
 f - 2 potions of mutation
 h - 3 potions of lignification {unknown}
 j - a potion of experience {unknown}
 k - a potion of magic {unknown}
 l - 2 potions of curing {unknown}
 m - a potion of degeneration
 n - a potion of might {unknown}
 r - 2 potions of brilliance
 s - a potion of heal wounds {unknown}
 w - a potion of flight {unknown}


   Skills:
 - Level 3.2 Fighting
 - Level 4.9(5.7) Short Blades
 - Level 4.3(5.4) Long Blades
 + Level 7.3 Crossbows
 + Level 2.0 Dodging
 - Level 0.8 Stealth
 - Level 4.1 Spellcasting
 - Level 5.0 Air Magic


You had 13 spell levels left.
You knew the following spells:

 Your Spells              Type           Power      Damage    Failure   Level
a - Swiftness             Air            21%        N/A       5%          3

Your spell library contained the following spells:

 Spells                   Type           Power      Damage    Failure   Level
 Shock                    Conj/Air       48%        1d6       5%          1
 Airstrike                Air            10%        N/A       19%         4
 Slow                     Hex            3%         N/A       22%         2
 Confusing Touch          Hex            3%         N/A       41%         3
 Stone Arrow              Conj/Erth      6%         3d7       41%         3
 Bolt of Magma            Conj/Fire/Erth 1%         4d4       99%         5
 Yara's Violent Unravell  Hex/Tmut       1%         3d3       99%         5
 Shatter                  Erth           1%         3d6*      100%        9


Dungeon Overview and Level Annotations

Branches:
Dungeon (7/15)             Temple (1/1) D:6

Altars:
Ashenzari
Dithmenos
Fedhas
Hepliaklqana
Kikubaaqudgha
Nemelex Xobeh
Okawaru
Qazlal
Ru
Sif Muna
Trog
Uskayaw
Wu Jian
Xom
Yredelemnul
The Shining One

Shops:
D:4 *   D:6 (:*[

Portals:
Abyss: D:5

Annotations:
D:5 2 transporters, SirDiesAlot's ghost, amateur DECj


Innate Abilities, Weirdness & Mutations

You can breathe wild blasts of lightning.
Your glossy black scales are hard. (AC +7)
You cannot fit into any form of body armour.
You are resistant to electric shocks. (rElec)
You are cold-blooded and may be slowed by cold attacks.


Message History

The bolt completely misses the vampire mosquito.
The vampire mosquito bites you but does no damage. x2
Fire: 7 bolts
Press: ? - help, Q - select action, (/) - cycle Shift-Dir - straight line, f/p - vampire mosquito
Aim: a vampire mosquito (moderately damaged, 54% to hit)
You shoot a bolt.
The bolt closely misses the vampire mosquito.
The vampire mosquito barely misses you.
The vampire mosquito closely misses you.
Fire: 6 bolts
Press: ? - help, Q - select action, (/) - cycle Shift-Dir - straight line, f/p - vampire mosquito
Aim: a vampire mosquito (moderately damaged, 54% to hit)
You shoot a bolt. The bolt misses the vampire mosquito.
The vampire mosquito bites you.
The vampire mosquito draws strength from your injuries!
The vampire mosquito bites you!
The vampire mosquito draws strength from your injuries!
The vampire mosquito bites you.
The vampire mosquito draws strength from your injuries!
Fire: 5 bolts
Press: ? - help, Q - select action, (/) - cycle Shift-Dir - straight line, f/p - vampire mosquito
Aim: a vampire mosquito (54% to hit)
You shoot a bolt.
The bolt closely misses the vampire mosquito.
The vampire mosquito bites you.
The vampire mosquito draws strength from your injuries!
The vampire mosquito bites you!
* * * LOW HITPOINT WARNING * * *
The vampire mosquito draws strength from your injuries!
You breathe a wild blast of lightning!
You hear a mighty clap of thunder!
The bolt of lightning misses you.
The orb of electricity explodes!
The orb of electricity engulfs the vampire mosquito!!
The vampire mosquito is severely damaged.
The orb of electricity engulfs you! You resist.
* * * LOW HITPOINT WARNING * * *
The orb of electricity explodes!
The orb of electricity engulfs you! You resist.
You die...
Fedhas appreciates your contribution to the ecosystem.

..... ...
...#... ##
...+.. ...
..#.##...
........
###.....
#.y.#.###
#..@....#
#.....#.#
#.......#
##.........
#....#.#..
....##.# .
...#.. #
.... ..#
#+### ..#


You could see a vampire mosquito.

Vanquished Creatures
  Joseph (D:7)
  A slime creature (D:7)
  A water moccasin (D:7)
  2 black bears
  An ice beast (D:6)
  An ogre (D:5)
  A centaur (D:5)
  2 phantoms
  2 kobold brigands (D:7)
  Blork the orc (D:4)
  3 wights
  A centaur skeleton (D:6)
  2 hounds
  2 jellies
  2 bullfrog skeletons (D:5)
  An orc priest (D:7)
  An iguana (D:4)
  4 orc wizards
  A hound skeleton (D:4)
  7 adders
  7 gnolls
  A howler monkey skeleton (D:6)
  An adder skeleton (D:4)
  A worm (D:4)
  4 dart slugs
  12 orcs
  6 endoplasms
  7 giant cockroaches
  6 goblins
  2 hobgoblins
  6 jackals
  2 quokkas
  2 ball pythons
  6 bats
  4 frilled lizards
  18 kobolds
  6 rats
128 creatures vanquished.

Notes
Turn   | Place    | Note
-------+----------+-------------------------------------------
     0 | D:1      | sizableburger the Draconian Hunter began the quest for the
                  | Orb.
     0 | D:1      | Reached XP level 1. HP: 17/17 MP: 1/1
   281 | D:1      | Reached XP level 2. HP: 25/25 MP: 2/2
   387 | D:1      | Reached skill level 1 in Short Blades
   813 | D:1      | Found a faded altar of an unknown god.
   891 | D:2      | Reached XP level 3. HP: 30/30 MP: 3/3
   952 | D:2      | Reached skill level 4 in Crossbows
  1466 | D:3      | Reached XP level 4. HP: 38/38 MP: 4/4
  1497 | D:3      | Learned a level 3 spell: Swiftness
  1948 | D:3      | Reached skill level 1 in Air Magic
  2466 | D:4      | Reached XP level 5. HP: 45/45 MP: 5/5
  2498 | D:4      | Found Conacyv's Neck Hole.
  2572 | D:4      | Bought a +0 cloak for 58 gold pieces
  2597 | D:4      | Noticed Blork the orc
  2607 | D:4      | Killed Blork the orc
  2998 | D:4      | Identified a scroll of acquirement
  2998 | D:4      | Acquired 1096 gold pieces
  3182 | D:4      | Bought an amulet of reflection for 390 gold pieces
  3401 | D:4      | Noticed a black bear
  3416 | D:4      | Killed a black bear
  3417 | D:4      | Reached XP level 6. HP: 41/51 MP: 6/6
  3539 | D:4      | You fall into a shaft and drop 1 floor!
  3539 | D:5      | Entered Level 5 of the Dungeon
  3556 | D:5      | Noticed a small abomination
  3566 | D:5      | Found a transporter.
  3567 | D:5      | Noticed SirDiesAlot's ghost (amateur DECj)
  3570 | D:5      | Found a transporter.
  3585 | D:5      | Found a one-way gate to the infinite horrors of the Abyss.
  3601 | D:5      | Noticed a small abomination
  3708 | D:5      | Reached skill level 5 in Crossbows
  3924 | D:5      | Your scales start taking on a glossy black colour.
  3924 | D:5      | Reached XP level 7. HP: 57/57 MP: 7/7
  3924 | D:5      | Gained mutation: You are resistant to electric shocks.
                  | (rElec) [Black Draconian growth]
  5129 | D:6      | Found Beon's Antique Weapon Boutique.
  5200 | D:6      | Reached skill level 5 in Air Magic
  5356 | D:5      | Reached skill level 1 in Spellcasting
  5696 | D:6      | Found a staircase to the Ecumenical Temple.
  5703 | Temple   | Entered the Ecumenical Temple
  5737 | Temple   | Became a worshipper of Fedhas Madash
  5770 | D:6      | Found Keeney's Book Emporium.
  5773 | D:6      | Bought a manual of Necromancy for 800 gold pieces
  5840 | D:6      | Reached skill level 1 in Long Blades
  5840 | D:6      | Reached skill level 6 in Crossbows
  5840 | D:6      | Reached XP level 8. HP: 62/63 MP: 10/10
  5997 | D:6      | Found Zaskug's General Store.
  6009 | D:6      | Found Xuczorepp's Armour Shoppe.
  6344 | D:7      | Noticed Joseph
  6366 | D:7      | Killed Joseph
  6592 | D:7      | Reached skill level 7 in Crossbows
  6606 | D:7      | Reached * piety under Fedhas
  6758 | D:7      | Noticed a slime creature
  6758 | D:7      | Noticed a slime creature
  6772 | D:7      | Noticed a slime creature
  6779 | D:7      | Noticed a slime creature
  6780 | D:7      | Killed a slime creature
  6781 | D:7      | Reached XP level 9. HP: 70/70 MP: 15/15
  7508 | D:7      | Killed themself with a bounced orb of electricity

Illustrated notes

Levels and vault maps discovered:
D:1:      lightli_arrival_flooded_house, layout_rooms,
          shapermc_ecumenical_altar_acropolis, st_stairs_7
D:2:      layout_rooms, serial_aquarium, aquarium_bridge_square
          [aquarium_subvault_window, aquarium_subvault_wall,
          aquarium_subvault_bridge, aquarium_subvault_balcony],
          aquarium_bridge_square [aquarium_subvault_wall,
          aquarium_subvault_bridge, aquarium_subvault_wall,
          aquarium_subvault_bridge], aquarium_window_corridor_1,
          aquarium_window_fake, aquarium_view_2c, aquarium_view_2b,
          aquarium_balcony_1b, minmay_small_reverse_x
D:3:      layout_basic
D:4:      layout_rooms, serial_curves, eino_curves_03, eino_curves_04,
          eino_curves_04, serial_park_tiny_1, roderic_lattice_a,
          amethyst_killhole, nicolae_shop_sticking_my_neck_out,
          uniq_blork_the_orc
D:5:      layout_loops_ring, gammafunk_ghost_abyssal_escape,
          minmay_misc_feat_pillars
D:6:      layout_rooms, minmay_temple_entry_arrows, serial_shops,
          nicolae_shop_behind_doors, nicolae_shop_waterfront, shop, shop_coins
D:7:      layout_basic, minmay_between, uniq_joseph
Temple:   grunt_wide_crystal_templ

Skill      XL: |  1  2  3  4  5  6  7  8  9 |
---------------+----------------------------+-----
Short Blades   | 1 2 3 4 |  4.9
Fighting       | 3 |  3.2
Crossbows      | 4 5 6 7 |  7.3
Air Magic      | 1 2 4 5 |  5.0
Spellcasting   | 1 4 |  4.1
Long Blades    | 1 4 |  4.3
Dodging        | 2 |  2.0
Stealth        | |  0.8

Action                   |  1- 3 |  4- 6 |  7- 9 || total
-------------------------+-------+-------+-------++-------
Melee: Short sword       |   117 |   166 |    80 ||   363
       Tailslap          |    11 |    25 |    32 ||    68
       Scimitar          |       |       |   112 ||   112
 Fire: Hand crossbow     |     2 |    12 |    72 ||    86
 Cast: Swiftness         |       |       |     4 ||     4
 Abil: Breathe Lightning |       |       |    11 ||    11
  Use: Scroll            |     4 |     9 |     3 ||    16
 Stab: Sleeping          |     2 |       |     1 ||     3
       Distracted        |       |       |     1 ||     1
Armor: Skin              |    50 |    69 |    87 ||   206
Dodge: Dodged            |    81 |   120 |   117 ||   318
Block: Other             |       |    20 |    59 ||    79
       Reflection        |       |     1 |     2 ||     3
       Rpst.: Scimitar   |       |       |    17 ||    17

Table legend: (Time is in decaauts)
 A = Elapsed time spent in this place.
 B = Non-inter-level travel time spent in this place.
 C = Inter-level travel time spent in this place.
 D = Time resting spent in this place.
 E = Time spent auto-exploring this place.
 F = Levels seen in this place.
 G = Mean time per level.
                   A        B        C        D        E       F      G
               +--------+--------+--------+--------+--------+-----+--------+
         Total |   7523 |   7151 |    372 |   1851 |   3626 |   8 |  940.4 |
       Dungeon |   7475 |   7120 |    355 |   1851 |   3626 |   7 | 1067.9 |
        Temple |     47 |     30 |     17 |      0 |      0 |   1 |   47.0 |
               +--------+--------+--------+--------+--------+-----+--------+

Top non-repeatable levels by time:
     D:5: 1650 daAuts
     D:4: 1491 daAuts
     D:6: 1341 daAuts
     D:3: 850 daAuts
     D:1: 837 daAuts
     D:7: 675 daAuts
     D:2: 629 daAuts
  Temple: 47 daAuts
